 Dungeon Crawl Stone Soup version 0.25-b1-46-gb8a1ec05df (webtiles) character file.

Game seed: 17740849696523031160

2651 gruber the Whirler (level 9, -5/54 HPs)
             Began as a Halfling Hunter on June 11, 2020.
             Was a Priest of Okawaru.
             Slain by a slime creature (15 damage)
             ... on level 8 of the Dungeon.
             The game lasted 00:07:48 (6824 turns).

gruber the Whirler (Halfling Hunter)                Turns: 6824, Time: 00:07:49

Health: -5/54      AC:  4    Str: 16    XL:     9   Next: 93%
Magic:  7/9        EV: 19    Int:  9    God:    Okawaru [***...]
Gold:   448        SH:  0    Dex: 15    Spells: 8/8 levels left

rFire    . . .     SeeInvis .   a - +1 hunting sling
rCold    + . .     Gourm    .   (shield restricted)
rNeg     + . .     Faith    .   c - +0 leather armour
rPois    .         Spirit   .   (no helmet)
rElec    .         Reflect  .   (no cloak)
rCorr    .         Harm     .   t - +0 pair of gloves
MR       .....                  (no boots)
Stlth    +++.......             (no amulet)
HPRegen  0.18/turn              z - ring of positive energy
MPRegen  0.11/turn              u - ring of protection from cold

@: heroism
A: small, mutation resistance 1
a: Heroism, Renounce Religion


You were on level 8 of the Dungeon.
You worshipped Okawaru.
Okawaru was most pleased with you.
You were near starving.

You visited 1 branch of the dungeon, and saw 9 of its levels.

You collected 448 gold pieces.

Inventory:

Hand Weapons
 a - a +1 hunting sling (weapon)
 b - a +0 short sword
 n - a +2 dagger of speed
Missiles
 d - 54 sling bullets (quivered)
 h - 223 stones
Armour
 c - a +0 leather armour (worn)
 t - a +0 pair of gloves (worn)
Jewellery
 p - a +6 ring of intelligence
 u - a ring of protection from cold (right hand)
 z - a ring of positive energy (left hand)
Wands
 y - a wand of paralysis (18)
 D - a wand of flame (17)
 E - a wand of polymorph (7)
Scrolls
 i - 13 scrolls of identify {unknown}
 k - 2 scrolls of enchant weapon {unknown}
 o - 3 scrolls of amnesia {unknown}
 r - 9 scrolls of remove curse {unknown}
 s - a scroll of fog {unknown}
 v - 2 scrolls of magic mapping {unknown}
 w - a scroll of enchant armour {unknown}
 B - 2 scrolls of immolation {unknown}
 F - 4 scrolls of blinking {unknown}
Potions
 e - 3 potions of degeneration {unknown}
 g - 3 potions of curing
 j - 3 potions of flight {unknown}
 l - 4 potions of haste {unknown}
 m - a potion of might {unknown}
 q - a potion of brilliance {unknown}
 A - a potion of magic {unknown}
 C - a potion of resistance {unknown}
Comestibles
 f - 12 rations


   Skills:
 - Level 1.7(6.7) Fighting
 + Level 17.5(22.5) Slings
 - Level 2.1(7.1) Dodging
 - Level 1.1(6.1) Stealth


You had 8 spell levels left.
You didn't know any spells.
Your spell library contained the following spells:

 Spells                   Type           Power        Failure   Level  Hunger
 Foxfire                  Conj/Fire      #...         43%         1    ##.....
 Conjure Flame            Conj/Fire      #.......     82%         3    ####...
 Inner Flame              Hex/Fire       #.......     82%         3    ####...
 Sticky Flame             Conj/Fire      #.......     99%         4    #####..
 Fireball                 Conj/Fire      #.........   100%        5    ######.


Dungeon Overview and Level Annotations

Branches:
Dungeon (9/15)
 Temple: D:4-7         Lair: D:8-11         Orc: D:9-12

Altars:
Cheibriados
Dithmenos
Gozag
Hepliaklqana
Kikubaaqudgha
Nemelex Xobeh
Okawaru
Trog
Uskayaw
Vehumet
Wu Jian
Zin
The Shining One

Shops:
D:5 (   D:9 (


Innate Abilities, Weirdness & Mutations

You are small and have problems with some larger weapons.
You are somewhat resistant to further mutation.


Message History

The centaur zombie is severely damaged.
The centaur zombie misses you.
Unknown command.
Firing (i - inventory. (/) - cycle)
d - 56 sling bullets (quivered)
Press: ? - help, Shift-Dir - straight line, f/p - centaur zombie
Aim: a centaur zombie (severely damaged)
You shoot a sling bullet.
The sling bullet hits the centaur zombie.
The centaur zombie is almost destroyed.
The slime creature completely misses you.
Unknown command.
Firing (i - inventory. (/) - cycle)
d - 55 sling bullets (quivered)
Press: ? - help, Shift-Dir - straight line, f/p - centaur zombie
Aim: a centaur zombie (almost destroyed)
You shoot a sling bullet.
The sling bullet hits the centaur zombie.
The centaur zombie is almost destroyed.
The centaur zombie hits you but does no damage.
The slime creature hits you!
You die...

######
##....##
##......##
#..#[>#Z.#
#.(#=⌠#@$#
##≈?.OJ≈#.[#
##...r## .#
###### #


You could see a slime creature, an ogre, a centaur zombie and a quokka.

Vanquished Creatures
  A troll (D:9)
  Menkaure (D:5)
  A black bear (D:6)
  3 ice beasts
  A phantom (D:4)
  A necrophage (D:6)
  2 ogres
  3 centaurs
  A big kobold (D:9)
  A bullfrog (D:6)
  2 scorpions
  A water moccasin skeleton (D:5)
  3 wights (D:9)
  2 howler monkeys
  3 crimson imps
  A bullfrog zombie (D:8)
  3 hounds
  5 orc priests
  3 orc wizards
  An iguana (D:5)
  3 worker ants
  2 worker ant zombies
  7 gnolls
  8 adders
  3 oozes (D:8)
  An adder skeleton (D:9)
  An adder zombie (D:9)
  A worm (D:3)
  3 dart slugs
  2 leopard geckos
  22 orcs
  5 bats
  8 giant cockroaches
  7 goblins
  16 hobgoblins
  12 jackals
  19 kobolds
  4 quokkas
  A ball python (D:4)
  5 frilled lizards
  A jackal skeleton (D:4)
  A quokka zombie (D:5)
  7 rats
178 creatures vanquished.

Vanquished Creatures (others)
  2 plants (D:5)
2 creatures vanquished.

Grand Total: 180 creatures vanquished

Notes
Turn   | Place    | Note
-------+----------+-------------------------------------------
     0 | D:1      | gruber the Halfling Hunter began the quest for the Orb.
     0 | D:1      | Reached XP level 1. HP: 14/14 MP: 1/1
    43 | D:1      | Reached skill level 6 in Slings
    47 | D:1      | Reached XP level 2. HP: 19/19 MP: 2/2
   232 | D:1      | Reached skill level 7 in Slings
   232 | D:1      | Reached XP level 3. HP: 24/24 MP: 3/3
   699 | D:2      | Reached XP level 4. HP: 29/29 MP: 4/4
   764 | D:2      | Found a shadowy altar of Dithmenos.
   824 | D:2      | Found a hazy altar of Hepliaklqana.
  1033 | D:2      | Reached skill level 8 in Slings
  1077 | D:2      | Found an iron altar of Okawaru.
  1103 | D:2      | Became a worshipper of Warmaster Okawaru
  1292 | D:3      | Found a faded altar of an unknown god.
  1676 | D:3      | Found a sparkling altar of Nemelex Xobeh.
  1742 | D:3      | Reached XP level 5. HP: 34/34 MP: 5/5
  1822 | D:3      | Found an ornate altar of the Wu Jian Council.
  1884 | D:3      | Reached skill level 9 in Slings
  2012 | D:3      | Found a glowing golden altar of the Shining One.
  2191 | D:4      | Found a snail-covered altar of Cheibriados.
  2210 | D:4      | Found an iron altar of Okawaru.
  2284 | D:4      | Noticed a phantom
  2319 | D:4      | Killed a phantom
  2319 | D:4      | Reached skill level 10 in Slings
  2319 | D:4      | Reached XP level 6. HP: 32/39 MP: 6/6
  2646 | D:4      | Found an opulent altar of Gozag.
  2757 | D:4      | Reached * piety under Okawaru
  2768 | D:5      | Entered Level 5 of the Dungeon
  3322 | D:4      | Reached skill level 11 in Slings
  3322 | D:4      | Reached XP level 7. HP: 44/44 MP: 7/7
  3583 | D:5      | Reached skill level 12 in Slings
  3771 | D:5      | Reached XP level 8. HP: 45/49 MP: 8/8
  3829 | D:5      | Reached skill level 13 in Slings
  4036 | D:5      | Found Ubeaschy's Antique Weapon Shop.
  4054 | D:5      | Noticed Menkaure
  4060 | D:5      | Reached ** piety under Okawaru
  4069 | D:5      | Killed Menkaure
  4069 | D:5      | Reached skill level 14 in Slings
  4716 | D:5      | Found a faded altar of an unknown god.
  4716 | D:5      | Found a faded altar of an unknown god.
  4721 | D:5      | Found a hide-covered altar of Uskayaw.
  4724 | D:5      | Found a bloodstained altar of Trog.
  4725 | D:5      | Found an ancient bone altar of Kikubaaqudgha.
  4756 | D:5      | Found a bloodstained altar of Trog.
  4896 | D:5      | Noticed an angel
  4897 | D:5      | Found a glowing silver altar of Zin.
  5304 | D:6      | Reached XP level 9. HP: 54/54 MP: 9/9
  5435 | D:6      | Reached skill level 15 in Slings
  5553 | D:7      | You fall into a shaft and drop 2 floors!
  5555 | D:9      | Found a radiant altar of Vehumet.
  5752 | D:8      | Noticed a green ugly thing
  5752 | D:8      | Noticed a troll
  5763 | D:9      | Killed a troll
  5763 | D:9      | Reached skill level 16 in Slings
  5967 | D:8      | Reached *** piety under Okawaru
  6058 | D:8      | Noticed a cyclops
  6308 | D:9      | Found Gomaib's Antique Weapon Emporium.
  6340 | D:9      | Reached skill level 17 in Slings
  6720 | D:9      | Noticed a slime creature
  6722 | D:9      | Noticed a slime creature
  6724 | D:9      | Noticed a slime creature
  6780 | D:9      | Noticed a slime creature
  6783 | D:9      | Noticed a slime creature
  6824 | D:8      | Slain by a slime creature

Illustrated notes

Levels and vault maps discovered:
D:1:      tarquinn_simple_flora_water_e, layout_basic
D:2:      layout_rooms, old_standard_altar, overflow_temple_1_default,
          okawaru_trees_1
D:3:      layout_rooms, nicolae_overflow_hidden_temple, tso_altar,
          lemuel_doored_altar, chequers_ecumenical_altar_simple_redux
D:4:      layout_loops_cross, old_standard_altar, overflow_temple_1_default,
          old_standard_altar
D:5:      layout_basic, zin_angel, chequers_temple_overflow_minitemple,
          first_ration, serial_shops, nicolae_shop_overgrown_old_shop,
          trog_hazing_becter, uniq_menkaure
D:6:      layout_rooms
D:7:      layout_loops_cross, lemuel_crystal_altar,
          fedhas_bush_and_centaur_altar, minmay_temple_entry_junction,
          minmay_hollow_rounded_squares, uniq_harold, uniq_prince_ribbit1
D:8:      layout_rooms, marbit_many_paths, hangedman_little_slice_of_home,
          minmay_strange_pillars, nzn_random_ring
D:9:      layout_loops_ring, vehumet_altar_wand_db, serial_shops,
          shop_fountains, chequers_garden

Skill      XL: |  1  2  3  4  5  6  7  8  9 |
---------------+----------------------------+-----
Slings         | 6 7 8 10 11 12 14 17 | 17.5
Fighting       | |  1.7
Dodging        | |  2.1
Stealth        | |  1.1

Action                   |  1- 3 |  4- 6 |  7- 9 || total
-------------------------+-------+-------+-------++-------
Melee: Dagger            |       |       |     7 ||     7
 Fire: Hunting sling     |    79 |   245 |   470 ||   794
Invok: Heroism           |       |       |     1 ||     1
Evoke: Wand              |       |       |     1 ||     1
 Stab: Paralysed         |       |       |     7 ||     7
  Eat: Chunk             |       |     7 |     8 ||    15
Armor: Leather armour    |       |    13 |    31 ||    44
Dodge: Dodged            |     4 |    52 |    69 ||   125
